 Dungeon Crawl Stone Soup version 0.30-a0-571-gdf30a72648 (webtiles) character file.

Game seed: 16033456719909438324

70 bmack86 the Shield-Bearer (level 4, 0/40 HPs)
             Began as a Minotaur Fighter on Dec 29, 2022.
             Slain by Crazy Yiuf
             ... wielding a +3 quarterstaff of chaos
              (9 damage)
             ... on level 2 of the Dungeon.
             The game lasted 00:04:19 (1427 turns).

bmack86 the Shield-Bearer (Minotaur Fighter)        Turns: 1427, Time: 00:04:20

Health: 0/40       AC:  9    Str: 23    XL:     4   Next: 3%
Magic:  0/3        EV:  7    Int:  5    God:
Gold:   155        SH:  4    Dex:  9    Spells: 3/3 levels left

rFire   . . .      SeeInvis .    a - +0 war axe
rCold   . . .      Faith    .    c - +0 buckler
rNeg    . . .      Spirit   +    o - +0 chain mail
rPois   .          Reflect  .    (helmet restricted)
rElec   .          Harm     .    (no cloak)
rCorr   .          Rampage  .    (no gloves)
Will    .....                    (no boots) Stlth
                                 l - amulet of guardian spirit
HPRegen 0.26/turn                (no ring)
MPRegen 0.08/turn                (no ring)

@: mighty
A: horns 2, retaliatory headbutt
a: no special abilities


You were on level 2 of the Dungeon.
You visited 1 branch of the dungeon, and saw 2 of its levels.

You collected 155 gold pieces.

Inventory:

Hand Weapons
 a - a +0 war axe (weapon)
Missiles
 g - 4 poisoned darts (quivered)
 q - 2 throwing nets
Armour
 b - a +0 scale mail
 c - a +0 buckler (worn)
 o - a +0 chain mail (worn)
 t - a +0 cloak
Jewellery
 l - an amulet of guardian spirit (around neck)
Wands
 p - a wand of polymorph (10)
Scrolls
 f - a scroll of teleportation {unknown}
 h - a scroll of vulnerability {unknown}
 n - a scroll of identify
 r - 2 scrolls of noise {unknown}
 s - 2 scrolls of amnesia {unknown}
Potions
 d - 2 potions of might
 e - 3 potions of heal wounds
 i - 2 potions of haste
 j - 3 potions of flight
 k - a potion of brilliance {unknown}
 m - a potion of degeneration {unknown}


   Skills:
 + Level 4.1 Fighting
 * Level 3.7 Axes
 + Level 1.1 Throwing
 + Level 4.1 Armour
 + Level 4.1 Shields


You had 3 spell levels left.
You didn't know any spells.
Your spell library contained the following spells:

 Spells                   Type           Power      Damage    Failure   Level
 Static Discharge         Conj/Air       0%         2-2/arc   100%        2
 Vhi's Electric Charge    Tloc/Air       0%         N/A       100%        3
 Arcjolt                  Conj/Air       0%         1d10      100%        5
 Lightning Bolt           Conj/Air       0%         1d11      100%        5


Dungeon Overview and Level Annotations

Branches:
Dungeon (2/15)

Altars:
Yredelemnul

Annotations:
D:2 Crazy Yiuf


Innate Abilities, Weirdness & Mutations

You have a pair of horns on your head.
You reflexively headbutt those who attack you in melee.


Message History

You kill the frilled lizard!
You see here a frilled lizard corpse.
Things that are here:
the +7 dagger "Orb Guardian's Death" {freeze, Fly rPois Str+3 Int-5}; a +0 cloak
Things that are here:
the +7 dagger "Orb Guardian's Death" {freeze, Fly rPois Str+3 Int-5}; a +0 cloak A hobgoblin comes into view.
The hobgoblin shouts!
You slash the hobgoblin!
You kill the hobgoblin!
You see here a hobgoblin corpse.
Search for what [? for help]? cloak You see here a hobgoblin corpse.
Things that are here:
the +7 dagger "Orb Guardian's Death" {freeze, Fly rPois Str+3 Int-5}; a +0 cloak
t - a +0 cloak You see here a hobgoblin corpse.
Found a hammer.
Found a runed translucent door.
Crazy Yiuf shouts!
You see here a hobgoblin corpse.
You see here a frilled lizard corpse.
You see here a frilled lizard corpse.
You see here a hobgoblin corpse.
You open the door.
Crazy Yiuf laughs, "Aardvark agre head!"
You slash Crazy Yiuf!
Crazy Yiuf is heavily wounded.
Crazy Yiuf hits you with a +3 quarterstaff of chaos!
You feel very mighty all of a sudden.
Crazy Yiuf hits you with a +3 quarterstaff of chaos!
You barely miss Crazy Yiuf. Your headbutt misses Crazy Yiuf.
Crazy Yiuf is heavily wounded.
Crazy Yiuf hits you with a +3 quarterstaff of chaos!
Crazy Yiuf burns you.
* * * LOW HITPOINT WARNING * * *
You completely miss Crazy Yiuf.
You headbutt Crazy Yiuf, but do no damage.
Crazy Yiuf is heavily wounded.
Crazy Yiuf hits you with a +3 quarterstaff of chaos!
You die...

......### #.# #######
### ##### #######
#)..# #.....# #...#
#.##### ... #)# #g#
#.# #@## #.# ##.# #.#
#.## #.# ##.# #.#
##.## #.# ##...#
######.##### #....#
#...†......# #....#
#.########.####+..+##


You could see Crazy Yiuf.

Vanquished Creatures
  Jessica (D:2)
  An adder (D:2)
  A worm (D:2)
  2 dart slugs (D:1)
  2 bats
  2 endoplasms
  2 giant cockroaches
  4 goblins
  3 hobgoblins
  2 kobolds (D:2)
  A quokka (D:2)
  4 frilled lizards
  4 rats
29 creatures vanquished.

Notes
Turn   | Place    | Note
-------+----------+-------------------------------------------
     0 | D:1      | bmack86 the Minotaur Fighter began the quest for the Orb.
     0 | D:1      | Reached XP level 1. HP: 19/19 MP: 0/0
   292 | D:1      | Reached XP level 2. HP: 27/27 MP: 1/1
   572 | D:2      | Reached XP level 3. HP: 28/33 MP: 2/2
   693 | D:2      | Noticed Jessica
   713 | D:2      | Killed Jessica
   714 | D:2      | Reached skill level 1 in Throwing
  1111 | D:2      | Reached XP level 4. HP: 40/40 MP: 3/3
  1178 | D:2      | Found a basalt altar of Yredelemnul.
  1220 | D:2      | Identified the +7 dagger "Orb Guardian's Death" {freeze,
                  | Fly rPois Str+3 Int-5}
  1281 | D:2      | Found a runed translucent door.
  1282 | D:2      | Noticed Crazy Yiuf
  1427 | D:2      | Slain by Crazy Yiuf

Illustrated notes

Levels and vault maps discovered:
D:1:      minmay_arrival_four_circles, layout_basic
D:2:      layout_loops_ring, basic_altar, uniq_jessica, uniq_crazy_yiuf_cottage

Skill      XL: |  1  2  3 |
---------------+----------+-----
Axes           | 3 |  3.7
Fighting       | 4 |  4.1
Throwing       | 1 |  1.1
Armour         | 4 |  4.1
Shields        | 4 |  4.1

Action                   |  1- 3 |  4- 6 || total
-------------------------+-------+-------++-------
Melee: War axe           |    38 |     5 ||    43
       Headbutt          |     4 |     1 ||     5
       Unarmed           |    14 |       ||    14
  Use: Scroll            |     2 |       ||     2
Armor: Scale mail        |    17 |       ||    17
       Chain mail        |     1 |       ||     1
       Skin              |     1 |       ||     1
Dodge: Dodged            |    23 |       ||    23
Block: Buckler           |     8 |     1 ||     9

Table legend: (Time is in decaauts)
 A = Elapsed time spent in this place.
 B = Non-inter-level travel time spent in this place.
 C = Inter-level travel time spent in this place.
 D = Time resting spent in this place.
 E = Time spent auto-exploring this place.
 F = Levels seen in this place.
 G = Mean time per level.
                   A        B        C        D        E       F      G
               +--------+--------+--------+--------+--------+-----+--------+
         Total |   1442 |   1408 |     34 |      0 |   1005 |   2 |  721.0 |
       Dungeon |   1442 |   1408 |     34 |      0 |   1005 |   2 |  721.0 |
               +--------+--------+--------+--------+--------+-----+--------+

Top non-repeatable levels by time:
     D:2: 874 daAuts
     D:1: 568 daAuts
